 Dungeon Crawl Stone Soup version 0.29.1-15-g9cfb28693d (webtiles) character file.

Game seed: 2357051546314662597

93 croobank the Trooper (level 4, -1/40 HPs)
             Began as a Ghoul Monk on Feb 24, 2023.
             Was a Believer of Makhleb.
             Slain by Terence
             ... wielding a +0 hand axe
              (3 damage)
             ... on level 3 of the Dungeon.
             The game lasted 00:06:37 (3249 turns).

croobank the Trooper (Ghoul Monk)                   Turns: 3249, Time: 00:06:38

Health: -1/40      AC:  8    Str: 16    XL:     4   Next: 61%
Magic:  12/12      EV:  7    Int:  5    God:    Makhleb [**....]
Gold:   161        SH:  0    Dex: 11    Spells: 3/3 levels left

rFire   . . .      SeeInvis .   a - +0 mace
rCold   + . .      Faith    .   (no shield)
rNeg    + + +      Spirit   .   i - +0 chain mail
rPois   ∞          Reflect  .   (no helmet)
rElec   .          Harm     .   (no cloak)
rCorr   .          Rampage  .   (no gloves)
Will    .....                   (no boots)
Stlth   ..........              (no amulet)
HPRegen 0.00/turn               f - ring of magical power
MPRegen 0.13/turn               (no ring)

@: inhibited regen
A: claws 1, cold resistance 1, negative energy resistance 3, inhibited
regeneration, torment resistance 2, devour on kill
a: Renounce Religion, Minor Destruction


You were on level 3 of the Dungeon.
You worshipped Makhleb.
Makhleb was pleased with you.
You visited 1 branch of the dungeon, and saw 3 of its levels.

You collected 161 gold pieces.

Inventory:

Hand Weapons
 a - a +0 mace (weapon)
 j - a +2 dagger of protection
Armour
 b - a +0 robe
 i - a +0 chain mail (worn)
Jewellery
 f - a ring of magical power (left claw)
Scrolls
 d - 2 scrolls of summoning {unknown}
 e - 9 scrolls of identify {unknown}
 g - a scroll of amnesia {unknown}
 h - a scroll of vulnerability {unknown}
 l - 2 scrolls of magic mapping {unknown}
 m - 2 scrolls of enchant weapon {unknown}
 n - a scroll of teleportation {unknown}
Potions
 k - a potion of curing {unknown}


   Skills:
 + Level 4.0 Fighting
 + Level 3.3 Maces & Flails
 + Level 0.0 Armour
 + Level 3.3 Dodging
 - Level 3.2 Stealth


You had 3 spell levels left.
You didn't know any spells.
Your spell library contained the following spells:

 Spells                   Type           Power      Damage    Failure   Level
 Dazzling Flash           Conj/Hex       0%         N/A       100%        3
 Portal Projectile        Hex/Tloc       0%         N/A       100%        3
 Tukima's Dance           Hex            0%         N/A       100%        3
 Agony                    Necr           0%         N/A       100%        5
 Silence                  Hex/Air        0%         N/A       100%        5
 Blade Hands              Tmut           Unusable   N/A       N/A         5

Dungeon Overview and Level Annotations

Branches:
Dungeon (3/15)

Altars:
Hepliaklqana
Makhleb

Annotations:
D:3 Robin, Terence


Innate Abilities, Weirdness & Mutations

You are immune to poison.
You have sharp fingernails.
Your flesh is cold resistant. (rC+)
You are immune to negative energy. (rN+++)
You do not regenerate when monsters are visible.
You are immune to unholy pain and torment.
You thrive by killing the living.


Message History

Terence hits you but does no damage. x2
You hit Terence.
Terence is severely wounded.
Terence hits you but does no damage.
You barely miss Terence.
Terence is severely wounded.
Terence hits you with a +0 hand axe.
* * * LOW HITPOINT WARNING * * *
You barely miss Terence.
Terence is severely wounded.
Terence barely misses you.
You hit Terence but do no damage.
Terence is severely wounded.
Terence hits you with a +0 hand axe.
* * * LOW HITPOINT WARNING * * *
You hit Terence but do no damage.
Terence is severely wounded.
Terence says, "Don't bother to defend, it's senseless."
Terence hits you with a +0 hand axe.
* * * LOW HITPOINT WARNING * * *
Terence completely misses you.
You hit Terence but do no damage.
Terence is severely wounded.
Terence hits you but does no damage.
You hit Terence.
Terence is almost dead.
Terence asks, "Do you want it fast or slow?"
Terence hits you with a +0 hand axe!
* * * LOW HITPOINT WARNING * * *
You hit Terence but do no damage.
Terence is almost dead.
Terence closely misses you.
You completely miss Terence.
Terence is almost dead.
Terence barely misses you. Terence hits you with a +0 hand axe.
* * * LOW HITPOINT WARNING * * *
You barely miss Terence.
Terence is almost dead.
Terence hits you with a +0 hand axe.
You die...

..#.# ....# ....#
....# ..#.# #####
....# ...# .#### ..#
## #.# #@#
.....#@##### #
#.......#
#.####.###.#
#......###.##
#......##...#
#########......# ..
#<........##...#
....#.........######
.............###


You could see Terence.

Vanquished Creatures
  2 adders (D:3)
  3 worms
  An orc (D:3)
  6 bats
  8 endoplasms
  5 giant cockroaches
  8 goblins
  5 hobgoblins
  3 quokkas
  5 ball pythons
  8 frilled lizards
  5 kobolds
  6 rats
65 creatures vanquished.

Notes
Turn   | Place    | Note
-------+----------+-------------------------------------------
     0 | D:1      | croobank the Ghoul Monk began the quest for the Orb.
     0 | D:1      | Reached XP level 1. HP: 19/19 MP: 0/0
   214 | D:1      | Reached XP level 2. HP: 26/26 MP: 1/1
   828 | D:1      | Reached XP level 3. HP: 31/31 MP: 2/2
  2288 | D:3      | Noticed Robin
  2489 | D:3      | Reached XP level 4. HP: 39/40 MP: 3/3
  2551 | D:3      | Found a hazy altar of Hepliaklqana.
  2803 | D:3      | Reached skill level 4 in Fighting
  2994 | D:3      | Found a faded altar of an unknown god.
  3038 | D:3      | Prayed at the altar of an unknown god.
  3038 | D:3      | Became a worshipper of Makhleb the Destroyer
  3038 | D:3      | Reached * piety under Makhleb
  3038 | D:3      | Reached ** piety under Makhleb
  3222 | D:3      | Noticed Terence
  3248 | D:3      | HP: 2/40 [Terence/+0 hand axe (1)]
  3249 | D:3      | Slain by Terence

Illustrated notes

Levels and vault maps discovered:
D:1:      psy_arrival_terrarium, layout_basic
D:2:      minmay_door_path, layout_basic
D:3:      minmay_chambers_of_twos, layout_loops_cross, lemuel_tele_altar,
          shapermc_ecumenical_altar_mp_urbaneastern,
          hangedman_decor_peaks_small, uniq_grinder, uniq_terence, uniq_robin

Skill      XL: |  1  2  3  4 |
---------------+-------------+-----
Maces & Flails | 3 |  3.3
Dodging        | 3 |  3.3
Stealth        | 3 |  3.2
Fighting       | 4 |  4.0

Action                   |  1- 3 |  4- 6 || total
-------------------------+-------+-------++-------
Melee: Mace              |   149 |    90 ||   239
       Punch             |       |     1 ||     1
Invok: Minor Destruction |       |     1 ||     1
  Use: Potion            |       |     1 ||     1
 Stab: Sleeping          |    10 |     2 ||    12
       Distracted        |     1 |       ||     1
Armor: Robe              |    39 |     6 ||    45
       Chain mail        |       |    10 ||    10
Dodge: Dodged            |   103 |    58 ||   161
